 Dungeon Crawl Stone Soup version 0.31-a0-369-g8eba5f6939 (webtiles) character file.

Game seed: 16628643129140367810

984 lessens the Cleaver (level 7, -8/53 HPs)
             Began as a Demonspawn Fighter on July 29, 2023.
             Mangled by an ogre
             ... wielding a +0 giant club
              (11 damage)
             ... on level 6 of the Dungeon.
             The game lasted 00:06:05 (5205 turns).

lessens the Cleaver (Demonspawn Fighter)            Turns: 5205, Time: 00:06:06

Health: -8/53      AC:  8    Str: 18    XL:     7   Next: 97%
Magic:  7/7        EV: 14    Int:  9    God:
Gold:   282        SH:  4    Dex: 13    Spells: 6/6 levels left

rFire   . . .        a - +0 war axe
rCold   . . .        c - +0 buckler
rNeg    . . .        b - +0 scale mail
rPois   .            o - +0 helmet
rElec   .            p - scarf {repulsion}
rCorr   .            (no gloves)
SInv    .            (no boots)
Will    .....        (no amulet) Stlth
                     (no ring)
HPRegen 0.28/turn    (no ring)
MPRegen 0.10/turn

%: repel missiles
@: agile
A: rugged brown scales 1, powered by pain 1
a: no special abilities


You were on level 6 of the Dungeon.
You visited 1 branch of the dungeon, and saw 6 of its levels.
You also visited: Ossuary.

You collected 282 gold pieces.

Inventory:

Hand Weapons
 a - a +0 war axe (weapon)
Missiles
 g - 73 stones
 k - 2 poisoned darts
Armour
 b - a +0 scale mail (worn)
 c - a +0 buckler (worn)
 o - a +0 helmet (worn)
 p - a scarf of repulsion (worn)
Jewellery
 A - a ring of fire
Wands
 B - a wand of digging (3)
Scrolls
 d - 5 scrolls of immolation {unknown}
 e - 4 scrolls of teleportation {unknown}
 f - 2 scrolls of enchant weapon {unknown}
 h - a scroll of vulnerability {unknown}
 i - 8 scrolls of identify {unknown}
 j - 2 scrolls of brand weapon {unknown}
 l - a scroll of summoning {unknown}
 q - 2 scrolls of fog {unknown}
 s - a scroll of poison {unknown}
 t - 2 scrolls of acquirement {unknown}
 w - 2 scrolls of noise {unknown}
 y - a scroll of revelation {unknown}
Potions
 m - a potion of degeneration {unknown}
 n - 4 potions of cancellation {unknown}
 r - 2 potions of mutation {unknown}
 u - a potion of lignification {unknown}
 v - a potion of ambrosia {unknown}
 x - 4 potions of curing
 z - a potion of heal wounds {unknown}
 C - a potion of enlightenment {unknown}
 D - a potion of might


   Skills:
 - Level 3.0 Fighting
 + Level 8.6 Axes
 - Level 2.6 Armour
 - Level 2.6 Shields


You had 6 spell levels left.
You didn't know any spells.
Your spell library contained the following spells:

 Spells                   Type           Power      Damage    Failure   Level
 Blink                    Tloc           0%         N/A       94%         2
 Lesser Beckoning         Tloc           0%         N/A       94%         2
 Momentum Strike          Conj/Tloc      0%         3d8       94%         2
 Ignite Poison            Fire/Tmut/Pois 0%         N/A       99%         3
 Ozocubu's Armour         Ice            0%         N/A       99%         3
 Sticky Flame             Conj/Fire      0%         2d3       100%        4
 Ozocubu's Refrigeration  Ice            0%         4d7       100%        7
 Ignition                 Fire           0%         3d3       100%        8


Dungeon Overview and Level Annotations

Branches:
Dungeon (6/15) Zot: 26771 Ossuary (visited)
 Temple: D:4-7

Altars:
Kikubaaqudgha
Ru

Annotations:
D:3 1 runed translucent door, Crazy Yiuf
D:5 3 runed translucent doors, Soraphim's ghost, novice KoHu


Innate Abilities, Weirdness & Mutations

You are partially covered in rugged brown scales. (AC +1, +3% HP)
You sometimes gain a little power by taking damage.


Message History

You feel sick.
You feel sick.
You feel sick.
You are no longer poisoned.
HP restored.
i - 8 scrolls labelled REXUCI DYTTOIRPH (gained 1)
An ogre comes into view. It is wielding a +0 giant club.
The ogre shouts!
An ogre is nearby!
An ogre is nearby!
An ogre is nearby!
You see here 14 gold pieces.
You barely miss the ogre. The ogre misses you.
You hit the ogre but do no damage. You slash the ogre!
The ogre is heavily wounded.
The ogre hits you with a +0 giant club!!
Ouch! That really hurt!
You focus on the pain.
You feel agile all of a sudden.
You are too injured to fight recklessly!
You are too injured to fight recklessly!
You are too injured to fight recklessly!
You are too injured to fight recklessly!
You barely miss the ogre.
The ogre is heavily wounded.
The ogre closely misses you.
You barely miss the ogre.
The ogre is heavily wounded.
You block the ogre's attack.
You barely miss the ogre.
The ogre is heavily wounded.
You hit the ogre but do no damage.
The ogre is heavily wounded.
The ogre hits you with a +0 giant club!!
* * * LOW HITPOINT WARNING * * *
You slash the ogre!
The ogre is almost dead.
The ogre hits you with a +0 giant club!
You die...

#...).# #.....# ##'#..#
#. # #.########### #.
.#####.#.......... ..
.....†...........# .
>...........## #.#.#####
.#...........###O#......
.......####...##@.....#
#####..#####..##$.....#
....#.................#
....#..########.........
._..#..# #...###...
$$$.#..# #?...# ..
$..$#.## #....# .
#+###.. ...#... ####...#


You could see an ogre.

Vanquished Creatures
  Eustachio (D:5)
  An ogre (D:5)
  A phantom (D:5)
  A scorpion (D:6)
  4 orc priests
  4 hounds
  3 orc wizards (D:4)
  Natasha (thrice) (D:3)
  2 iguanas
  A mummy (Ossuary)
  5 adders
  A gnoll (D:4)
  An ufetubus (D:4)
  4 worms
  9 orcs
  3 spectral bats (Ossuary)
  10 endoplasms
  A giant cockroach (D:3)
  8 goblins
  A hobgoblin (D:1)
  5 kobolds
  3 quokkas
  7 ball pythons
  5 bats
  A bat simulacrum (Ossuary)
  2 frilled lizards
  12 gnoll zombies (Ossuary)
  4 goblin simulacra (Ossuary)
  3 goblin zombies (Ossuary)
  4 hobgoblin zombies (Ossuary)
  5 kobold simulacra (Ossuary)
  5 kobold zombies (Ossuary)
  6 orc zombies (Ossuary)
  4 rats
  3 rat simulacra (Ossuary)
  2 spectral goblins (Ossuary)
  3 spectral kobolds (Ossuary)
  3 spectral rats (Ossuary)
141 creatures vanquished.

Notes
Turn   | Place    | Note
-------+----------+-------------------------------------------
     0 | D:1      | lessens the Demonspawn Fighter began the quest for the Orb.
     0 | D:1      | Reached XP level 1. HP: 18/18 MP: 1/1
   105 | D:1      | Reached skill level 2 in Axes
   195 | D:1      | Gained mutation: You sometimes gain a little power by
                  | taking damage. [demonic ancestry]
   195 | D:1      | Reached XP level 2. HP: 17/24 MP: 2/2
  1052 | D:2      | Found a sacrificial altar of Ru.
  1066 | D:2      | Reached skill level 3 in Axes
  1130 | D:2      | Gained mutation: You are partially covered in rugged brown
                  | scales. (AC +1, +3% HP) [demonic ancestry]
  1130 | D:2      | Reached XP level 3. HP: 24/29 MP: 3/3
  1885 | D:3      | Reached XP level 4. HP: 36/36 MP: 4/4
  1924 | D:3      | Reached skill level 4 in Axes
  2353 | D:3      | Noticed Natasha
  2358 | D:3      | Killed Natasha
  2359 | D:3      | Reached XP level 5. HP: 36/42 MP: 5/5
  2449 | D:3      | Found a runed translucent door.
  2450 | D:3      | Noticed Crazy Yiuf
  2501 | D:3      | Noticed Natasha
  2510 | D:3      | Killed Natasha
  2511 | D:3      | Reached skill level 5 in Axes
  2773 | D:3      | Noticed Natasha
  2781 | D:3      | Killed Natasha
  3248 | D:4      | Reached XP level 6. HP: 44/48 MP: 6/6
  3313 | D:4      | Reached skill level 6 in Axes
  3663 | D:5      | Entered Level 5 of the Dungeon
  3723 | D:5      | Found a sand-covered staircase.
  3728 | Ossuary  | Entered an ossuary
  3924 | Ossuary  | Reached skill level 7 in Axes
  3924 | Ossuary  | Reached XP level 7. HP: 51/53 MP: 7/7
  4184 | D:5      | Found a runed translucent gate.
  4184 | D:5      | Found a runed translucent gate.
  4184 | D:5      | Found a runed translucent gate.
  4247 | D:5      | Noticed a vampire mosquito
  4248 | D:5      | Noticed Soraphim's ghost (novice KoHu)
  4644 | D:5      | Noticed Eustachio
  4657 | D:5      | Killed Eustachio
  4658 | D:5      | Reached skill level 8 in Axes
  5077 | D:6      | Found an ancient bone altar of Kikubaaqudgha.
  5204 | D:6      | HP: 2/53 [ogre/+0 giant club (21)]
  5205 | D:6      | Mangled by an ogre

Illustrated notes

Levels and vault maps discovered:
D:1:      scummos_arrival_forest, layout_basic
D:2:      layout_basic, basic_altar
D:3:      layout_basic, kennysheep_generic_room_8, uniq_crazy_yiuf_cottage,
          uniq_natasha
D:4:      layout_rooms, tso_oasis_becter, kennysheep_dice
D:5:      layout_cave_pools, gammafunk_ghost_split, nicolae_ossuary_entry_ruins,
          amcnicky_mini_pool_small, minmay_misc_feat_tower,
          hangedman_decor_opposing, uniq_eustachio
D:6:      layout_basic, amcnicky_altar_gilded

Skill      XL: |  1  2  3  4  5  6  7 |
---------------+----------------------+-----
Axes           | 2 3 4 5 7 8 |  8.6
Fighting       | |  3.0
Armour         | |  2.6
Shields        | |  2.6

Action                     |  1- 3 |  4- 6 |  7- 9 || total
---------------------------+-------+-------+-------++-------
  Melee: War axe           |    90 |   205 |   115 ||   410
    Use: Potion            |       |     3 |       ||     3
 Armour: Scale mail        |    47 |    96 |    75 ||   218
  Dodge: Dodged            |    48 |    69 |    62 ||   179
         Repelled          |       |     1 |       ||     1
  Block: Buckler           |    22 |    35 |    26 ||    83

Table legend: (Time is in decaauts)
 A = Elapsed time spent in this place.
 B = Non-inter-level travel time spent in this place.
 C = Inter-level travel time spent in this place.
 D = Time resting spent in this place.
 E = Time spent auto-exploring this place.
 F = Levels seen in this place.
 G = Mean time per level.
                   A        B        C        D        E       F      G
               +--------+--------+--------+--------+--------+-----+--------+
         Total |   5307 |   5159 |    148 |    351 |   3856 |   7 |  758.1 |
       Dungeon |   4897 |   4749 |    148 |    351 |   3682 |   6 |  816.2 |
       Ossuary |    409 |    409 |      0 |      0 |    174 |   1 |  409.0 |
               +--------+--------+--------+--------+--------+-----+--------+

Top non-repeatable levels by time:
     D:1: 1058 daAuts
     D:3: 1002 daAuts
     D:4: 957 daAuts
     D:2: 839 daAuts
     D:5: 812 daAuts
 Ossuary: 409 daAuts
     D:6: 227 daAuts

Levels and vault maps discovered:
D:1:      scummos_arrival_forest, layout_basic
D:2:      layout_basic, basic_altar
D:3:      layout_basic, kennysheep_generic_room_8, uniq_crazy_yiuf_cottage,
          uniq_natasha
D:4:      layout_rooms, tso_oasis_becter, kennysheep_dice
D:5:      layout_cave_pools, gammafunk_ghost_split, nicolae_ossuary_entry_ruins,
          amcnicky_mini_pool_small, minmay_misc_feat_tower,
          hangedman_decor_opposing, uniq_eustachio
D:6:      layout_basic, amcnicky_altar_gilded
